 Dungeon Crawl Stone Soup version 0.29.1-debian-1-gc3f1650bb9 (webtiles) character file.

Game seed: 937610480312876275

2858 zishaf the Fighter (level 9, -2/81 HPs)
             Began as a Ghoul Warper on Sept 9, 2022.
             Was a Follower of Nemelex Xobeh.
             Killed from afar by a manticore (10 damage)
             ... with a volley of spikes
             ... on level 8 of the Dungeon on Sept 12, 2022.
             The game lasted 00:15:16 (9505 turns).

zishaf the Fighter (Ghoul Warper)                   Turns: 9505, Time: 00:15:17

Health: -2/81      AC: 16    Str: 19    XL:     9   Next: 75%
Magic:  10/10      EV:  8    Int:  8    God:    Nemelex Xobeh [*.....]
Gold:   371        SH:  0    Dex:  8    Spells: 9/11 levels left

rFire   . . .      SeeInvis .   D - +4 halberd
rCold   + + .      Faith    .   (shield currently unavailable)
rNeg    + + +      Spirit   .   u - +1 chain mail
rPois   ∞          Reflect  .   (no helmet)
rElec   .          Harm     .   (no cloak)
rCorr   .          Rampage  .   F - +0 pair of gloves
Will    .....                   (no boots)
Stlth   ..........              (no amulet)
HPRegen 0.00/turn               s - +4 ring of protection
MPRegen 0.12/turn               r - ring of protection from cold

@: spiked, inhibited regen
A: claws 1, cold resistance 1, negative energy resistance 3, inhibited
regeneration, torment resistance 2, devour on kill
a: Renounce Religion, Draw Escape, Draw Destruction, Draw Summoning


You were on level 8 of the Dungeon.
You worshipped Nemelex Xobeh.
Nemelex Xobeh was aware of your devotion.
You visited 2 branches of the dungeon, and saw 9 of its levels.

You collected 371 gold pieces.

Inventory:

Hand Weapons
 f - a +3 long sword of electrocution
 p - a +2 vorpal spear
 D - a +4 halberd (weapon)
Missiles
 c - 10 boomerangs of dispersal (quivered)
 t - 4 boomerangs
 E - a silver boomerang
Armour
 a - a +0 leather armour
 u - a +1 chain mail (worn)
 F - a +0 pair of gloves (worn)
Jewellery
 g - a ring of protection from cold
 i - a ring of wizardry
 k - a ring of magical power
 r - a ring of protection from cold (right hand)
 s - a +4 ring of protection (left hand)
 w - a ring of resist corrosion
Wands
 e - a wand of mindburst (4)
Scrolls
 b - a scroll of blinking
 m - 2 scrolls of enchant weapon
 q - a scroll of fear
 y - 2 scrolls of torment {unknown}
 z - a scroll of enchant armour
 C - a scroll of fog
Potions
 d - 4 potions of curing
 h - 2 potions of heal wounds {unknown}
 j - 3 potions of mutation {unknown}
 l - 2 potions of brilliance {unknown}
 n - a potion of magic {unknown}
 o - a potion of degeneration {unknown}
 v - a potion of ambrosia {unknown}
 x - 3 potions of resistance {unknown}
 A - a potion of berserk rage {unknown}
 B - a potion of flight {unknown}


   Skills:
 + Level 8.2 Fighting
 - Level 6.0 Polearms
 - Level 2.4 Throwing
 - Level 5.0 Armour
 - Level 3.0 Dodging
 - Level 2.1 Unarmed Combat
 - Level 1.7 Spellcasting
 - Level 2.6 Translocations
 * Level 2.9 Invocations
 - Level 4.0 Evocations


You had 9 spell levels left.
You knew the following spells:

 Your Spells              Type           Power      Damage    Failure   Level
A - Blink                 Tloc           10%        N/A       88%         2

Your spell library contained the following spells:

 Spells                   Type           Power      Damage    Failure   Level
 Apportation              Tloc           10%        N/A       77%         1
 Slow                     Hex            0%         N/A       98%         1
 Sting                    Tmut/Pois      0%         1d3       98%         1
 Gell's Gravitas          Tloc           5%         N/A       98%         3
 Lesser Beckoning         Tloc           5%         N/A       98%         3
 Teleport Other           Tloc           5%         N/A       98%         3
 Poisonous Vapours        Pois/Air       0%         N/A       99%         2
 Confusing Touch          Hex            0%         N/A       100%        3
 Vampiric Draining        Necr           0%         2d6       100%        3
 Leda's Liquefaction      Hex/Erth       0%         N/A       100%        4
 Manifold Assault         Tloc           5%         N/A       100%        4
 Olgreb's Toxic Radiance  Pois           0%         N/A       100%        4
 Alistair's Intoxication  Tmut/Pois      0%         N/A       100%        5
 Borgnjor's Vile Clutch   Necr/Erth      0%         N/A       100%        5
 Lee's Rapid Deconstruct  Erth           0%         3d5*      100%        5
 Dispersal                Tloc           2%         N/A       100%        6
 Eringya's Noxious Bog    Tmut/Pois      0%         N/A       100%        6
 Disjunction              Tloc           2%         N/A       100%        8
 Statue Form              Tmut/Erth      Unusable   N/A       N/A         6

Dungeon Overview and Level Annotations

Branches:
Dungeon (8/15)             Temple (1/1) D:7
   Lair: D:8-11

Altars:
Ashenzari
Cheibriados
Dithmenos
Fedhas
Gozag
Hepliaklqana
Kikubaaqudgha
Makhleb
Nemelex Xobeh
Okawaru
Sif Muna
Trog
Uskayaw
Vehumet
Xom
Yredelemnul

Shops:
D:5 *

Annotations:
D:8 Gastronok


Innate Abilities, Weirdness & Mutations

You are immune to poison.
You have sharp fingernails.
Your flesh is cold resistant. (rC+)
You are immune to negative energy. (rN+++)
You do not regenerate when monsters are visible.
You are immune to unholy pain and torment.
You thrive by killing the living.


Message History

As you read the scroll of poison, it crumbles to dust.
The manticore bites you but does no damage.
The manticore claws you but does no damage.
The manticore claws you. The manticore attacks as you move away!
The manticore bites you but does no damage.
The manticore claws you. x2
The manticore flicks its tail.
The volley of spikes hits you but does no damage.
Items here: ( )) [ ††.
The manticore flicks its tail.
The volley of spikes hits you!
The barbed spikes become lodged in your body.
* * * LOW HITPOINT WARNING * * *
There is an open door here.
The barbs in your skin will harm you if you move.
Continue? [Y]es or [N]o only, please.
The barbs in your skin will harm you if you move.
Continue? [Y]es or [N]o only, please.
The barbs in your skin will harm you if you move.
Continue?
Okay, then.
The barbs in your skin will harm you if you move.
Continue?
The barbed spikes dig painfully into your body as you move.
* * * LOW HITPOINT WARNING * * *
The barbed spikes dig painfully into your body as you move.
* * * LOW HITPOINT WARNING * * *
You carefully extract the barbed spikes from your body.
The manticore flicks its tail.
The volley of spikes hits you.
The barbed spikes become lodged in your body.
* * * LOW HITPOINT WARNING * * *
Aiming: Mindburst
Press: ? - help, Shift-Dir - straight line, f - manticore
Aim: a manticore (heavily wounded, chance to affect: 64%)
The manticore struggles to resist.
The manticore flicks its tail.
The volley of spikes hits you!
The barbed spikes become lodged in your body.
You die...
Your body disappears without a glow.

!##.##.##.##.#
..........##.#
......YDH....#
..........##.#
.##.##y##.##.#
.........##.# ####.## #
+..........## #...#
#...........# ##)##
#.........#.# ###H####
##........#..
#...○..##########.#######
#.####..@......##.###
#.......###.....#...##
###.......# #.....###..####
#.........# #.....####....#
#.........###.....'........
#.........'.......####.....
#...).....##.#.............
#......#####.#.#######.....
#......# #.#[# #.....


You could see a manticore.

Vanquished Creatures
  A water moccasin (D:6)
  An ice beast (D:7)
  An orc warrior (D:7)
  2 sky beasts
  2 black bears (D:5)
  2 centaurs (D:6)
  2 ogres
  3 phantoms
  3 kobold brigands
  A bullfrog (D:6)
  4 scorpions
  3 necrophages (D:5)
  8 wights
  2 howler monkeys (D:7)
  2 hounds
  2 jellies
  An orc priest (D:5)
  Jessica (D:2)
  An orc wizard (D:8)
  An iguana (D:6)
  7 adders
  4 gnolls
  4 white imps
  An ufetubus (D:4)
  3 worms (D:2)
  A dart slug (D:2)
  16 orcs
  5 ball pythons
  7 endoplasms
  2 giant cockroaches
  5 goblins
  4 hobgoblins
  17 kobolds
  2 quokkas
  5 bats
  4 frilled lizards
  3 rats (D:3)
133 creatures vanquished.

Vanquished Creatures (others)
  A fungus (D:7)
  6 plants (D:3)
7 creatures vanquished.

Grand Total: 140 creatures vanquished

Notes
Turn   | Place    | Note
-------+----------+-------------------------------------------
     0 | D:1      | zishaf the Ghoul Warper began the quest for the Orb.
     0 | D:1      | Reached XP level 1. HP: 17/17 MP: 2/2
    70 | D:1      | Reached skill level 1 in Armour
   284 | D:1      | Reached XP level 2. HP: 9/25 MP: 3/3
   563 | D:1      | Learned a level 2 spell: Blink
  1320 | D:1      | Found a faded altar of an unknown god.
  1355 | D:2      | Reached skill level 3 in Fighting
  1376 | D:2      | Reached XP level 3. HP: 29/31 MP: 4/4
  1869 | D:2      | Noticed Jessica
  1876 | D:2      | Killed Jessica
  1877 | D:2      | Reached XP level 4. HP: 40/40 MP: 5/5
  2698 | D:3      | Reached skill level 4 in Fighting
  2704 | D:3      | Reached XP level 5. HP: 35/46 MP: 6/6
  3532 | D:4      | Noticed a phantom
  3564 | D:3      | Killed a phantom
  3666 | D:4      | Reached XP level 6. HP: 55/55 MP: 7/7
  3713 | D:4      | Reached skill level 5 in Fighting
  4403 | D:5      | Entered Level 5 of the Dungeon
  4484 | D:5      | Reached skill level 1 in Evocations
  5129 | D:5      | Reached XP level 7. HP: 45/62 MP: 8/8
  5129 | D:5      | Upgraded the game from 0.30-a0-55-g90e3122c3a to
                  | 0.29.1-debian-1-gc3f1650bb9
  5160 | D:5      | Reached skill level 6 in Fighting
  5318 | D:5      | Found Aguongoh's CLEARANCE SALE!.
  5328 | D:5      | Reached skill level 1 in Polearms
  5461 | D:5      | Reached XP level 8. HP: 58/71 MP: 9/9
  6173 | D:6      | Reached skill level 7 in Fighting
  6668 | D:6      | Reached XP level 9. HP: 53/79 MP: 10/10
  7413 | D:7      | Reached skill level 5 in Armour
  7487 | D:7      | Found a shadowy altar of Dithmenos.
  7515 | D:7      | Reached skill level 5 in Polearms
  7530 | D:7      | Found a staircase to the Ecumenical Temple.
  7539 | Temple   | Entered the Ecumenical Temple
  7667 | Temple   | Became a worshipper of Nemelex Xobeh the Trickster
  7765 | D:7      | Reached skill level 1 in Throwing
  8115 | D:7      | Found a broken altar of Ashenzari.
  8737 | D:8      | Noticed Gastronok
  8914 | D:8      | Reached skill level 1 in Invocations
  9210 | D:8      | Reached * piety under Nemelex Xobeh
  9219 | D:8      | Received a gift from Nemelex Xobeh
  9326 | D:8      | Reached skill level 8 in Fighting
  9479 | D:8      | Noticed a manticore
  9505 | D:8      | Killed from afar by a manticore

Illustrated notes

Levels and vault maps discovered:
D:1:      sevenhm_arrival_forest_fort_large_4, layout_rooms,
          shapermc_ecumenical_altar_hornbeckon
D:2:      layout_loops_ring, chequers_serial_rivers_micro_e, uniq_jessica
D:3:      layout_loops_corners, lexackson_kobold_supper
D:4:      layout_cave_pods
D:5:      layout_cave_pools, st_stairs_3, nicolae_shop_clearance
D:6:      layout_basic, serial_bayou_crossing
D:7:      layout_loops_ring, cheibrodos_ashenzari_chains,
          mainiacjoe_overflow_boulevard, minmay_temple_entry_grid,
          grunt_decor_cap, chequers_serial_rivers_micro_b,
          hangedman_decor_points
D:8:      hangedman_cross_veins, layout_basic,
          eino_small_chamber_without_monster, uniq_gastronok
Temple:   minmay_crystal_spiral_temple

Skill      XL: |  1  2  3  4  5  6  7  8  9 |
---------------+----------------------------+-----
Armour         | 1 2 3 4 5 |  5.0
Dodging        | 2 3 |  3.0
Fighting       | 3 4 5 6 7 8 |  8.2
Evocations     | 1 2 3 4 |  4.0
Polearms       | 2 4 6 |  6.0
Throwing       | 2 |  2.4
Invocations    | 2 |  2.9
Unarmed Combat | |  2.1
Spellcasting   | |  1.7
Translocations | |  2.6

Action                   |  1- 3 |  4- 6 |  7- 9 || total
-------------------------+-------+-------+-------++-------
Melee: Unarmed           |   141 |   232 |       ||   373
       Long sword        |     8 |       |       ||     8
       Punch             |       |     2 |     6 ||     8
       Spear             |       |    18 |   338 ||   356
       Halberd           |       |       |    52 ||    52
Evoke: Wand              |       |       |    12 ||    12
  Use: Scroll            |       |    10 |     4 ||    14
Armor: Leather armour    |    33 |    15 |       ||    48
       Chain mail        |       |   160 |   220 ||   380
Dodge: Dodged            |    89 |   126 |   129 ||   344
